 Dungeon Crawl Stone Soup version 0.31.0-11-ge490571c62 (webtiles) character file.

Game seed: 2389702967319981186

2687 mdonais the Zephyrmancer (level 9, -6/61 HPs)
             Began as an Octopode Reaver on Jan 31, 2024.
             Was an Initiate of Vehumet.
             Mangled by a vault guard
             ... wielding a +0 broad axe
              (27 damage)
             ... in a bailey.
             The game lasted 00:24:25 (5431 turns).

mdonais the Zephyrmancer (Octopode Reaver)          Turns: 5431, Time: 00:24:26

Health: -6/61      AC:  3    Str: 12    XL:     9   Next: 64%
Magic:  27/27      EV: 13    Int: 19    God:    Vehumet [......]
Gold:   313        SH:  0    Dex: 10    Spells: 11/20 levels left

rFire   + + .        q - +8 whip of the Loving Jester {spect, rF++}
rCold   + . .        (no shield)
rNeg    . . .        k - +2 hat
rPois   .            (no amulet)
rElec   .            e - ring of magical power
rCorr   .            c - ring of protection from cold
SInv    .            (no ring)
Will    .....        (no ring)
Stlth   ++++         (no ring)
HPRegen 0.30/turn    (no ring)
MPRegen 0.20/turn    (no ring)
                     (no ring)

%: no passive effects
@: about to teleport
A: almost no armour, amphibious, 8 rings, camouflage 1, gelatinous body 1,
(nimble swimmer 1), tentacles
a: Renounce Religion


You were in a bailey.
You worshipped Vehumet.
Vehumet was noncommittal.
You visited 2 branches of the dungeon, and saw 7 of its levels.
You also visited: Bailey.

You collected 346 gold pieces.
You spent 33 gold pieces at shops.

Inventory:

Hand Weapons
 h - a +4 dagger
   (You took it off a kobold on level 1 of the Dungeon)
 p - a +1 trident of venom
   (You took it off an orc on level 3 of the Dungeon)
 q - the +8 whip of the Loving Jester (weapon) {spect, rF++}
   (You found it on level 4 of the Dungeon)

   rF++:      It greatly protects you from fire.
Missiles
 i - 8 poisoned darts
 v - 4 javelins
Armour
 k - a +2 hat (worn)
   (You found it on level 7 of the Dungeon)
Magical Staves
 s - a staff of alchemy
   (You found it on level 4 of the Dungeon)
 t - a staff of earth
   (You found it on level 4 of the Dungeon)
Jewellery
 c - a ring of protection from cold (right tentacle)
   (You found it on level 1 of the Dungeon)
 e - a ring of magical power (left tentacle)
   (You found it on level 3 of the Dungeon)
Talismans
 w - a beast talisman
   (You found it on level 4 of the Dungeon)
Wands
 V - a wand of flame (52) (quivered)
   (You took it off Grinder on level 4 of the Dungeon)
Scrolls
 a - a scroll of noise
 f - a scroll of immolation
 n - 3 scrolls of enchant weapon
 r - a scroll of revelation
Potions
 b - 2 potions of cancellation
 d - a potion of resistance
 j - a potion of lignification {unknown}
 l - a potion of brilliance {unknown}
 m - 2 potions of haste {unknown}
 u - a potion of heal wounds {unknown}
 Q - 4 potions of curing


   Skills:
 - Level 5.0 Fighting
 - Level 3.1 Short Blades
 - Level 2.0 Maces & Flails
 - Level 2.0 Dodging
 - Level 5.0 Stealth
 - Level 6.0 Spellcasting
 - Level 4.0 Conjurations
 - Level 3.0 Translocations
 + Level 8.1 Air Magic
 - Level 1.0 Evocations


You had 11 spell levels left.
You knew the following spells:

 Your Spells              Type           Power      Damage    Failure   Level
a - Airstrike             Air            18%        2d(3-19)  4%          4
b - Momentum Strike       Conj/Tloc      38%        3d9       4%          2
c - Static Discharge      Conj/Air       56%        3-6/arc   1%          2
e - Kiss of Death         Conj/Necr      52%        2d9       4%          1

Your spell library contained the following spells:

 Spells                   Type           Power      Damage    Failure   Level
 Hailstorm                Conj/Ice       13%        3d6       14%         3
 Volatile Blastmotes      Fire/Tloc      22%        2d11      19%         3
 Summon Lightning Spire   Summ/Air       21%        N/A       22%         4
 Iskenderun's Mystic Bla  Conj/Tloc      19%        2d6       26%         4
 Fulminant Prism          Conj/Alch      6%         3d7       43%         4


Dungeon Overview and Level Annotations

Branches:
Dungeon (7/15) Zot: 26904  Temple (1/1) D:5 Zot: 5938  Bailey (1/1) Zot: 4998

Altars:
Ashenzari
Cheibriados
Dithmenos
Elyvilon
Fedhas
Gozag
Hepliaklqana
Kikubaaqudgha
Makhleb
Nemelex Xobeh
Okawaru
Qazlal
Ru
Sif Muna
Trog
Uskayaw
Vehumet
Wu Jian
Xom
Yredelemnul
Zin
The Shining One

Shops:
D:1 ?

Annotations:
D:4 Dowan, Duvessa


Innate Abilities, Weirdness & Mutations

You cannot wear most types of armour.
You are amphibious.
You can wear up to eight rings at the same time.
Your skin changes colour to match your surroundings (Stealth+).
Your rubbery body absorbs attacks. (AC +1, EV +1)
((You are camouflaged when in or above water. (Stealth+)))
You have tentacles for arms and can constrict up to eight enemies at once.


Message History

Aim: a bullfrog (heavily wounded, 64% to hit)
The concentrated momentum misses the bullfrog.
The bullfrog barely misses you.
You now have 21/27 mp.
Casting: Momentum Strike (safe; 4% risk of failure)
Confirm with . or Enter, or press ? or * to list all spells.
Aiming: Momentum Strike (safe; 4% risk of failure)
Press: ? - help, Dir - move target, f/p - bullfrog
Aim: a bullfrog (heavily wounded, 64% to hit)
The concentrated momentum hits the bullfrog!!
You kill the bullfrog!
Vehumet accepts your kill.
You are unable to move.
Training target 5.0 for Stealth reached!
Your Stealth skill increases to level 5!
You now have 19/27 mp.
A vault guard comes into view. It is wielding a +0 broad axe.
You cannot move.
Unknown command.
Casting: Momentum Strike (safe; 4% risk of failure)
Confirm with . or Enter, or press ? or * to list all spells.
Aiming: Airstrike (dangerous; 4% risk of failure)
Press: ? - help, Dir - move target, f - vault guard
Aim: a vault guard, wielding a +0 broad axe and wearing a +0 chain mail (empty space bonus: 1/8)
The air twists around and strikes the vault guard!
The vault guard is moderately wounded.
You now have 16/27 mp.
Casting: Airstrike (dangerous; 4% risk of failure)
Confirm with . or Enter, or press ? or * to list all spells.
Aiming: Airstrike (dangerous; 4% risk of failure)
Press: ? - help, Dir - move target, f/p - vault guard
Aim: a vault guard, wielding a +0 broad axe and wearing a +0 chain mail (moderately wounded, empty space bonus: 1/8)
The air twists around and strikes the vault guard.
The vault guard is moderately wounded.
You now have 12/27 mp.
You cannot move.
You cannot move.
Okay, then.
You cannot move.
Casting: Airstrike (dangerous; 4% risk of failure)
Confirm with . or Enter, or press ? or * to list all spells.
Aiming: Airstrike (dangerous; 4% risk of failure)
Press: ? - help, Dir - move target, f/p - vault guard
Aim: a vault guard, wielding a +0 broad axe and wearing a +0 chain mail (moderately wounded, empty space bonus: 2/8)
The air twists around and strikes the vault guard but does no damage.
A vault guard comes into view. It is wielding a +0 broad axe.
The vault guard completely misses you.
You now have 8/27 mp.
You cannot move.
Casting: Airstrike (dangerous; 4% risk of failure)
Confirm with . or Enter, or press ? or * to list all spells.
Aiming: Airstrike (dangerous; 4% risk of failure)
Press: ? - help, Dir - move target, f/p - vault guard
Aim: a vault guard, wielding a +0 broad axe and wearing a +0 chain mail (moderately wounded, empty space bonus: 1/8)
The air twists around and strikes the vault guard but does no damage.
You are no longer robbed of momentum.
The vault guard hits you with a +0 broad axe!
You take 14 damage, and have 47/61 hp.
MASSIVE DAMAGE!!
You now have 4/27 mp.
Casting: Airstrike (dangerous; 4% risk of failure)
Confirm with . or Enter, or press ? or * to list all spells.
Aiming: Airstrike (dangerous; 4% risk of failure)
Press: ? - help, Dir - move target, f/p - vault guard
Aim: a vault guard, wielding a +0 broad axe and wearing a +0 chain mail (lightly wounded, empty space bonus: 7/8)
You miscast Airstrike.
You are very lightly contaminated with residual magic.
Nothing appears to happen.
You now have 2/27 mp.
There is an open door here.
You close the door.
Your magical contamination has completely faded away.
A vault guard opens the door.
Things that are here:
a bullfrog skeleton; a bullfrog skeleton You see here a bullfrog skeleton.
There is an open door here.
There is an open door, spattered with blood here.
You enter the shallow water.
You close the door.
Things that are here:
a +0 war axe; a +0 leather armour
There is an open door here.
There is an open door here.
You enter the shallow water.
A vault guard opens the door.
The vault guard shouts!
The vault guard attacks as it pursues you!
The vault guard splashes around in the water.
Items here: )) [[.
Aiming: Throw Flame
Press: ? - help, Shift-Dir - straight line, f/p - vault guard
Aim: a vault guard, wielding a +0 broad axe and wearing a +0 chain mail (64% to hit)
The puff of flame hits the vault guard.
The vault guard is lightly wounded.
The vault guard is engulfed in a cloud of scalding steam.
As you read the scroll labelled ANTESO JI ONA, it dissolves into smoke.
It was a scroll of fog.
The vault guard hits you with a +0 broad axe!!
You take 23 damage, and have 37/61 hp.
MASSIVE DAMAGE!!
The vault guard hits you with a +0 broad axe!!
* * * LOW HITPOINT WARNING * * *
You take 26 damage, and have 12/61 hp.
MASSIVE DAMAGE!!
There is an open door, spattered with blood here.
Okay, then.
You feel better. The vault guard misses you.
You regained 5 hp, and now have 18/61 hp.
As you read the scroll labelled MAUQ ZAXTERIY, it crumbles to dust.
You assume a fearsome visage.
The vault guard looks frightened! x2
It was a scroll of fear.
The vault guard begs, "Please don't kill me!"
Which direction?
As you close the door, it creaks loudly!
You open the door.
There is an open door here.
You see here a bullfrog skeleton.
You see here a bullfrog skeleton.
There is an open door here.
You close the door.
You enter the shallow water.
You enter the shallow water.
You enter the shallow water.
You start resting.
A vault guard is nearby!
You regained 7 hp, and now have 35/61 hp.
You regained 5 mp, and now have 22/27 mp.
Found a scroll of enchant weapon and a scroll labelled KUBOCITOMEU.
Found five items.
There is an open door here.
You close the door.
There is a gate leading back out of this place here.
n - 2 scrolls of enchant weapon (gained 1)
g - a scroll labelled KUBOCITOMEU
n - 3 scrolls of enchant weapon (gained 1)
b - 2 potions of cancellation (gained 1)
Something unseen opens the door.
You see here a murky yellow potion.
You see here a scroll labelled VEMORIB LILEMP.
o - a scroll labelled VEMORIB LILEMP The vault guard shouts!
You see here a scroll of revelation.
r - a scroll of revelation You see here a murky yellow potion.
u - a murky yellow potion This is a scroll of acquirement!
Something appears before you!
The vault guard hits you with a +0 broad axe!!
You take 22 damage, and have 20/61 hp.
MASSIVE DAMAGE!!
As you read the scroll labelled KUBOCITOMEU, it crumbles to dust.
You feel strangely unstable.
It was a scroll of teleportation.
The vault guard hits you with a +0 broad axe!!
You die...

#... #######.
###≈≈≈≈≈##
##≈≈~~~~~≈≈
##≈~~~÷~~~~~
#≈~~~~~~~~~≈
#######~.......~≈
##.....##~......p~
#@p.....#...~.....
#....∩..'....[.~~~
#.......#...~~~≈≈≈
##.....##...~≈≈###
#######~..~≈###
#~~~.≈## ##~~.≈#
##~.≈# ###.'.~#


You could see a vault guard.

Vanquished Creatures
  Prince Ribbit (Bailey)
  Grinder (D:4)
  5 humans (Bailey)
  An orc warrior (Bailey)
  A black bear (D:5)
  10 bullfrogs (Bailey)
  2 scorpions
  A gnoll sergeant (D:5)
  A bombardier beetle (D:4)
  3 hounds (D:5)
  A jelly (D:5)
  2 orc priests
  Natasha (thrice) (D:4)
  4 orc wizards (D:5)
  11 gnolls
  6 adders
  4 dart slugs
  12 orcs
  5 ball pythons
  2 endoplasms
  A giant cockroach (D:3)
  10 goblins
  5 hobgoblins
  2 jackals (D:1)
  4 quokkas
  5 bats
  5 frilled lizards
  8 kobolds
  A rat (D:1)
117 creatures vanquished.

Notes
Turn   | Place    | Note
-------+----------+-------------------------------------------
     0 | D:1      | mdonais the Octopode Reaver began the quest for the Orb.
     0 | D:1      | Reached XP level 1. HP: 14/14 MP: 3/3
    43 | D:1      | Reached skill level 1 in Stealth
   245 | D:1      | Reached XP level 2. HP: 18/19 MP: 5/5
   254 | D:1      | Learned a level 2 spell: Momentum Strike
   339 | D:1      | Found a faded altar of an unknown god.
   489 | D:1      | Reached skill level 1 in Translocations
   724 | D:1      | Found Jownotidd's Magic Scroll Emporium.
   732 | D:1      | Bought a scroll of identify for 22 gold pieces
   732 | D:1      | Bought a scroll of noise for 11 gold pieces
   773 | D:2      | Reached XP level 3. HP: 20/24 MP: 6/6
  1258 | D:3      | Reached XP level 4. HP: 30/30 MP: 4/7
  1610 | D:3      | Found a shimmering altar of Xom.
  2110 | D:2      | Reached XP level 5. HP: 32/36 MP: 8/8
  2453 | D:4      | Identified the +8 whip of the Loving Jester {spect, rF++}
  2573 | D:4      | Learned a level 2 spell: Static Discharge
  2611 | D:4      | Noticed Duvessa
  2834 | D:4      | Reached XP level 6. HP: 23/42 MP: 10/10
  2959 | D:4      | Noticed Grinder
  2959 | D:4      | Noticed Natasha
  3066 | D:4      | Killed Grinder
  3067 | D:4      | Reached skill level 2 in Air Magic
  3067 | D:4      | Reached XP level 7. HP: 33/46 MP: 11/11
  3154 | D:4      | Killed Natasha
  3160 | D:4      | Learned a level 4 spell: Airstrike
  3263 | D:4      | Noticed Natasha
  3267 | D:4      | Killed Natasha
  3415 | D:4      | Noticed Natasha
  3424 | D:4      | Noticed Dowan
  3435 | D:4      | Killed Natasha
  3481 | D:5      | Entered Level 5 of the Dungeon
  3573 | D:5      | Reached skill level 3 in Air Magic
  3791 | D:5      | Reached skill level 4 in Air Magic
  3955 | D:5      | Reached XP level 8. HP: 52/52 MP: 14/14
  4037 | D:5      | Reached skill level 5 in Air Magic
  4143 | D:5      | Found a staircase to the Ecumenical Temple.
  4153 | Temple   | Entered the Ecumenical Temple
  4184 | Temple   | Became a worshipper of Vehumet
  4335 | D:5      | You fall into a shaft and drop 2 floors!
  4369 | D:7      | Found a bloodstained altar of Trog.
  4412 | D:7      | Found a flagged portal.
  4431 | Bailey   | Entered a bailey
  4437 | Bailey   | Reached skill level 6 in Air Magic
  4503 | Bailey   | Reached skill level 7 in Air Magic
  4505 | Bailey   | Reached skill level 5 in Spellcasting
  4715 | Bailey   | Reached skill level 1 in Evocations
  4715 | Bailey   | Reached XP level 9. HP: 51/57 MP: 2/16
  4894 | Bailey   | Reached skill level 8 in Air Magic
  5104 | Bailey   | Reached skill level 5 in Fighting
  5142 | Bailey   | Noticed Prince Ribbit
  5196 | Bailey   | Killed Prince Ribbit
  5295 | Bailey   | Reached skill level 5 in Stealth
  5295 | Bailey   | Noticed a vault guard
  5299 | Bailey   | Noticed a vault guard
  5430 | Bailey   | Identified a scroll of acquirement
  5430 | Bailey   | Acquired the +2 hat of Utiemove {Int+5}
  5431 | Bailey   | Mangled by a vault guard

Illustrated notes

Levels and vault maps discovered:
D:1:      dpeg_arrival_fog, layout_loops_ring, ebering_ecumenical_altar_box,
          serial_shops, nicolae_shop_hallway_stairs, serial_glass,
          glass_columns_c, glass_columns_a, glass_columns_b, glass_columns_b,
          glass_columns_c, glass_columns_a
D:2:      layout_rooms
D:3:      layout_basic, nicolae_overflow_crystal_walls
D:4:      layout_loops_ring, uniq_grinder, uniq_natasha, uniq_duvessa
D:5:      layout_rooms, minmay_temple_entry_overgrown
D:7:      layout_basic, amcnicky_altar_gilded, enter_bailey_3,
          nicolae_shop_i_like_big_books, nicolae_houndstooth_variations
Temple:   mainiacjoe_temple_big_plus
Bailey:   bailey_axe_froggy_fort_hellmonk, bailey

Skill      XL: |  1  2  3  4  5  6  7  8  9 |
---------------+----------------------------+-----
Stealth        | 2 3 4 5 |  5.0
Translocations | 1 2 3 |  3.0
Fighting       | 3 5 |  5.0
Maces & Flails | 2 |  2.0
Spellcasting   | 3 4 5 6 |  6.0
Conjurations   | 4 |  4.0
Air Magic      | 2 4 7 8 |  8.1
Evocations     | 1 |  1.0
Short Blades   | |  3.1
Dodging        | |  2.0

Action                     |  1- 3 |  4- 6 |  7- 9 || total
---------------------------+-------+-------+-------++-------
  Melee: Short sword       |    41 |       |       ||    41
         Constrict         |    17 |     8 |    18 ||    43
         Tentacles         |    13 |     7 |    14 ||    34
         Dagger            |    22 |    24 |       ||    46
         Whip              |       |    12 |    59 ||    71
  Throw: Javelin           |     3 |     9 |    11 ||    23
         Dart              |       |       |     9 ||     9
   Cast: Momentum Strike   |     6 |     9 |    14 ||    29
         Static Discharge  |       |       |     8 ||     8
         Airstrike         |       |       |    35 ||    35
  Evoke: Wand              |       |       |     1 ||     1
    Use: Scroll            |     3 |     1 |     6 ||    10
         Potion            |       |     1 |     1 ||     2
   Stab: Sleeping          |     7 |     5 |       ||    12
         Distracted        |     1 |       |       ||     1
 Armour: Skin              |    14 |    10 |    30 ||    54
  Dodge: Dodged            |    26 |    20 |    30 ||    76
